 Dungeon Crawl Stone Soup version 0.29.1-12-g30fa7ad0bf (webtiles) character file.

Game seed: 14212877803996724144

34 wormed the Conjurer (level 3, -6/24 HPs)
             Began as a Demonspawn Conjurer on Dec 27, 2022.
             Killed from afar by Natasha (8 damage)
             ... with a puff of flame
             ... on level 2 of the Dungeon.
             The game lasted 00:02:20 (1300 turns).

wormed the Conjurer (Demonspawn Conjurer)           Turns: 1300, Time: 00:02:20

Health: -6/24      AC:  2    Str:  7    XL:     3   Next: 14%
Magic:  2/7        EV: 12    Int: 21    God:
Gold:   123        SH:  0    Dex: 11    Spells: 4/7 levels left

rFire   . . .      SeeInvis .   f - +0 whip
rCold   . . .      Faith    .   (no shield)
rNeg    . . .      Spirit   .   a - +0 robe
rPois   .          Reflect  .   (no helmet)
rElec   .          Harm     .   (no cloak)
rCorr   .          Rampage  .   (no gloves)
Will    .....                   (no boots)
Stlth   ++........              (no amulet)
HPRegen 0.08/turn               (no ring)
MPRegen 0.10/turn               (no ring)

@: no status effects
A: hooves 1, spiny 1
a: no special abilities


You were on level 2 of the Dungeon.
You visited 1 branch of the dungeon, and saw 2 of its levels.

You collected 123 gold pieces.

Inventory:

Hand Weapons
 f - a +0 whip (weapon)
Armour
 a - a +0 robe (worn)
Jewellery
 b - an amulet of reflection
 h - a ring of poison resistance
Scrolls
 d - a scroll of vulnerability {unknown}
 g - a scroll of identify {unknown}
Potions
 c - a potion of heal wounds {unknown}
 e - a potion of curing {unknown}


   Skills:
 - Level 2.0 Dodging
 - Level 2.0 Stealth
 + Level 2.6 Spellcasting
 + Level 4.4 Conjurations


You had 4 spell levels left.
You knew the following spells:

 Your Spells              Type           Power      Damage    Failure   Level
a - Magic Dart            Conj           84%        1d7       2%          1
b - Searing Ray           Conj           42%        2d6       3%          2

Your spell library contained the following spells:

 Spells                   Type           Power      Damage    Failure   Level
 Dazzling Flash           Conj/Hex       24%        N/A       17%         3
 Fulminant Prism          Conj/Hex       6%         3d7       50%         4
 Iskenderun's Mystic Bla  Conj/Tloc      12%        2d5       50%         4


Dungeon Overview and Level Annotations

Branches:
Dungeon (2/15)

Altars:

Annotations:
D:2 Natasha


Innate Abilities, Weirdness & Mutations

You have large cloven feet.
You are partially covered in sharp spines.


Message History

Things that are here:
a +0 whip; 4 stones; a kobold corpse A kobold comes into view.
It is wielding a +3 short sword.
The kobold shouts!
You hear a shout!
A kobold is nearby! 2 rats come into view.
The rat moves out of view.
Casting: Searing Ray (safe; 3% risk of failure)
Confirm with . or Enter, or press ? or * to list all spells.
Aiming: Searing Ray (safe; 3% risk of failure)
Press: ? - help, Shift-Dir - straight line, f - kobold
Aim: a kobold, wielding a +3 short sword (72% to hit)
The searing ray misses the kobold. (Press . to maintain the ray.)
The searing ray hits the kobold!
You kill the kobold!
The rat twitches its whiskers.
Casting: Searing Ray (safe; 3% risk of failure)
Confirm with . or Enter, or press ? or * to list all spells.
Restarting spell: Searing Ray (safe; 3% risk of failure)
Press: ? - help, Shift-Dir - straight line, f - rat
Aim: a rat (78% to hit)
The searing ray hits the rat!
You kill the rat! (Press . to maintain the ray.) Natasha, Servant of Life and Death comes into view.
She is carrying a wand of flame (17).
Natasha is nearby!
Natasha is nearby!
Casting: Searing Ray (safe; 3% risk of failure)
Confirm with . or Enter, or press ? or * to list all spells.
You don't have enough magic to cast this spell.
Natasha hisses angrily.
Natasha stares at you and mumbles some strange words.
The magic dart hits you.
Natasha zaps a wand.
The puff of flame hits you!
Natasha stares at you and mumbles some strange words.
The magic dart hits you!
* * * LOW HITPOINT WARNING * * *
Natasha zaps a wand.
The puff of flame hits you!
You die...

######.###.#
##......##†.#
#..#######.## ####
#.## #.# ....## #.#
#.# ##.?.###.# #.#
#...)h.### #.#
##........###### #.#
#............@.# #.#
#..........###.###†#
#...........#
#.##..#
#..........##
#....## ...........#
##..## ##........##
#.## ###......# #.#
###...##### #.#
###.#...###)#


You could see Natasha.

Vanquished Creatures
  A dart slug (D:1)
  2 bats (D:1)
  An endoplasm (D:2)
  A giant cockroach (D:2)
  2 goblins (D:1)
  5 hobgoblins
  4 kobolds
  3 quokkas (D:1)
  2 ball pythons
  A frilled lizard (D:1)
  8 rats
30 creatures vanquished.

Notes
Turn   | Place    | Note
-------+----------+-------------------------------------------
     0 | D:1      | wormed the Demonspawn Conjurer began the quest for the Orb.
     0 | D:1      | Reached XP level 1. HP: 13/13 MP: 3/3
   322 | D:1      | Gained mutation: You have large cloven feet. [demonic
                  | ancestry]
   322 | D:1      | Reached XP level 2. HP: 19/19 MP: 0/5
   517 | D:1      | Learned a level 2 spell: Searing Ray
   701 | D:1      | Noticed a golden eye
   702 | D:1      | Found a faded altar of an unknown god.
   706 | D:1      | Noticed a shining eye
   707 | D:1      | Noticed a golden eye
   707 | D:1      | Noticed a floating eye
  1159 | D:2      | Gained mutation: You are partially covered in sharp spines.
                  | [demonic ancestry]
  1159 | D:2      | Reached XP level 3. HP: 24/24 MP: 3/6
  1293 | D:2      | Noticed Natasha
  1300 | D:2      | Killed from afar by Natasha

Illustrated notes

Levels and vault maps discovered:
D:1:      minmay_arrival_four_circles, layout_rooms,
          hellmonk_ecumenical_altar_watching_god
D:2:      minmay_skewed_foursquare, layout_rooms, uniq_natasha

Skill      XL: |  1 |
---------------+----+-----
Dodging        | 2 |  2.0
Stealth        | 2 |  2.0
Spellcasting   | |  2.6
Conjurations   | |  4.4

Action                   || total
-------------------------++-------
Melee: Unarmed           ||    15
       Kick              ||     3
       Whip              ||     1
 Cast: Magic Dart        ||    26
       Searing Ray       ||    12
  Use: Potion            ||     1
Armor: Robe              ||     2
Dodge: Dodged            ||    14
